 Dungeon Sprint DCSS version 0.29-a0-409-gd843f3a48c (webtiles) character file.

Game seed: 7342634295676701674

774 mhtbhm the Protected (level 7, -8/51 HPs)
             Began as a Gargoyle Fighter on May 14, 2022.
             Was a High Priest of Qazlal.
             Mangled by a manticore (11 damage)
             ... in the Dungeon (Sprint VII: "The Pits").
             The game lasted 00:01:28 (503 turns).

mhtbhm the Protected (Gargoyle Fighter)              Turns: 503, Time: 00:01:29

Health: -8/51      AC: 18    Str: 21    XL:     7   Next: 84%
Magic:  7/7        EV: 11    Int:  9    God:    Qazlal [*****.]
Gold:   0          SH: 12    Dex:  9    Spells: 6/6 levels left

rFire   . . .      SeeInvis .   a - +2 hand axe
rCold   . . .      Faith    .   c - +0 buckler
rNeg    + . .      Spirit   .   b - +3 ring mail
rPois   ∞          Reflect  .   (no helmet)
rElec   +          Harm     .   (no cloak)
rCorr   .          Rampage  .   (no gloves)
Will    .....      NoTele   +   (no boots)
Stlth   ..........              (no amulet)
HPRegen 0.17/turn               (no ring)
MPRegen 0.10/turn               (no ring)

@: protected from physical damage, repel missiles
A: sickness immunity, AC +4, negative energy resistance 1, electricity
resistance, torment resistance 1, petrification resistance
a: Renounce Religion, Upheaval, Elemental Force, Disaster Area


You were in the Dungeon.
You worshipped Qazlal.
Qazlal was extremely pleased with you.
You visited 1 branch

Inventory:

Hand Weapons
 a - a +2 hand axe (weapon)
Armour
 b - a +3 ring mail (worn)
 c - a +0 buckler (worn)
Scrolls
 j - a scroll of blinking
 l - 5 scrolls of amnesia
 m - a scroll of summoning
Potions
 d - a potion of might
 e - 3 potions of curing
 f - 3 potions of heal wounds
 g - a potion of haste
 h - 4 potions of magic
 i - 2 potions of berserk rage
 k - 2 potions of invisibility


   Skills:
 + Level 9.2 Fighting
 + Level 7.8 Axes
 + Level 9.8 Armour
 + Level 2.5 Dodging
 + Level 9.6 Shields


You had 6 spell levels left.
You didn't know any spells.
Your spell library was empty.

Dungeon Overview and Level Annotations

Branches:
Dungeon (1/1)

Altars:
Ashenzari
Cheibriados
Dithmenos
Elyvilon
Fedhas
Gozag
Hepliaklqana
Kikubaaqudgha
Makhleb
Nemelex Xobeh
Okawaru
Qazlal
Ru
Sif Muna
Trog
Uskayaw
Vehumet
Wu Jian
Xom
Yredelemnul
Zin
The Shining One
Beogh
Jiyva
Lugonu


Innate Abilities, Weirdness & Mutations

You are immune to sickness and miasma.
Your stone body is resilient. (AC +4)
You are immune to poison.
You resist negative energy. (rN+)
You are resistant to electric shocks. (rElec)
You are resistant to unholy torment.
You are immune to petrification.


Message History

You feel better.
The manticore bites you but does no damage.
The manticore claws you.
* * * LOW HITPOINT WARNING * * *
You feel more protected from physical attacks.
You block the manticore's attack.
You hit the manticore.
The manticore is almost dead.
The manticore bites you but does no damage.
The manticore claws you.
* * * LOW HITPOINT WARNING * * *
You feel more protected from physical attacks.
You block the manticore's attack.
Unknown command.
Okay, then.
You hit the manticore but do no damage.
The manticore is almost dead.
You block the manticore's attack.
The manticore claws you but does no damage. x2
Unknown command.
You slash the manticore!
The manticore is almost dead.
You block the manticore's attack. x2
The manticore claws you but does no damage.
You closely miss the manticore.
The manticore is almost dead.
You block the manticore's attack. The manticore claws you.
* * * LOW HITPOINT WARNING * * *
You block the manticore's attack.
Unknown command.
You barely miss the manticore.
The manticore is almost dead.
The manticore bites you.
* * * LOW HITPOINT WARNING * * *
You block the manticore's attack. The manticore closely misses you.
Unknown command.
You hit the manticore but do no damage.
The manticore is almost dead.
The manticore bites you!
You die...

#.#........##.......#
#.#........##.......#
#'###########.......#
#....)..# #########
#.###†..# #.#.))..#
#S#...#.#+#
#.....#.#H+
#...###.#@#
#.......†.#
###########


You could see a manticore.

Vanquished Creatures
  A fire bat (D)
  A warg (D)
  A water moccasin (D)
  2 floating eyes (D)
  2 wolves (D)
  An orc priest (D)
  A mummy (D)
  2 orcs (D)
  An endoplasm (D)
  2 hobgoblins (D)
  3 jackals (D)
  A ball python zombie (D)
  A bat (D)
  A rat (D)
20 creatures vanquished.

Notes
Turn   | Place    | Note
-------+----------+-------------------------------------------
     0 | D        | mhtbhm the Gargoyle Fighter began the quest for the Orb.
     0 | D        | Reached XP level 1. HP: 14/14 MP: 1/1
    20 | D        | Found a bloodstained altar of Trog.
    20 | D        | Found a shimmering blue altar of Sif Muna.
    20 | D        | Found a viscous altar of Jiyva.
    20 | D        | Found a hazy altar of Hepliaklqana.
    20 | D        | Found an opulent altar of Gozag.
    21 | D        | Found a glowing golden altar of the Shining One.
    21 | D        | Found a glowing silver altar of Zin.
    21 | D        | Found a basalt altar of Yredelemnul.
    21 | D        | Found a shimmering altar of Xom.
    21 | D        | Found an ornate altar of the Wu Jian Council.
    21 | D        | Found a sacrificial altar of Ru.
    21 | D        | Found a stormy altar of Qazlal.
    21 | D        | Found an iron altar of Okawaru.
    21 | D        | Found a sparkling altar of Nemelex Xobeh.
    21 | D        | Found a burning altar of Makhleb.
    21 | D        | Found a blossoming altar of Fedhas.
    21 | D        | Found a white marble altar of Elyvilon.
    21 | D        | Found a shadowy altar of Dithmenos.
    21 | D        | Found a snail-covered altar of Cheibriados.
    50 | D        | Found a radiant altar of Vehumet.
    50 | D        | Found a corrupted altar of Lugonu.
    51 | D        | Found a hide-covered altar of Uskayaw.
    51 | D        | Found an ancient bone altar of Kikubaaqudgha.
    51 | D        | Found a broken altar of Ashenzari.
    59 | D        | Became a worshipper of Qazlal Stormbringer
    72 | D        | Noticed a floating eye
    74 | D        | Paralysed by a floating eye for 4 turns
    81 | D        | Paralysed by a floating eye for 2 turns
    83 | D        | Killed a floating eye
    84 | D        | Reached skill level 5 in Fighting
    84 | D        | Reached XP level 2. HP: 22/22 MP: 2/2
    84 | D        | Reached XP level 3. HP: 27/27 MP: 3/3
    84 | D        | Reached XP level 4. HP: 32/32 MP: 4/4
   109 | D        | Noticed a floating eye
   112 | D        | Killed a floating eye
   112 | D        | Reached * piety under Qazlal
   113 | D        | Reached XP level 5. HP: 38/38 MP: 5/5
   123 | D        | Reached ** piety under Qazlal
   126 | D        | Noticed a fire bat
   136 | D        | Killed a fire bat
   137 | D        | Reached skill level 5 in Axes
   137 | D        | Reached skill level 1 in Dodging
   137 | D        | Reached XP level 6. HP: 23/44 MP: 6/6
   315 | D        | Noticed a water moccasin
   320 | D        | Noticed a warg
   324 | D        | Reached *** piety under Qazlal
   335 | D        | Reached XP level 7. HP: 50/50 MP: 7/7
   336 | D        | Killed a warg
   336 | D        | Reached **** piety under Qazlal
   469 | D        | Reached ***** piety under Qazlal
   472 | D        | Noticed a manticore
   503 | D        | Mangled by a manticore

Illustrated notes

Levels and vault maps discovered:
D:        pitsprint [storerooms_1, entrance_room_1, metal_vault_2, armoury_1,
          mini_pit_1, grid_room_1, main_hall_1, silver_pit, the_coven_2,
          the_vestibule_1, steel_vault_2, golden_pit, hallway_of_sentries,
          crystal_vault_6, iron_vault_4, final_vault]

Skill      XL: |  1  2  3  4  5  6  7 |
---------------+----------------------+-----
Fighting       | 5 7 8 9 |  9.2
Axes           | 3 4 5 6 7 |  7.8
Armour         | 6 7 8 9 |  9.8
Shields        | 6 7 8 9 |  9.6
Dodging        | 1 2 |  2.5

Action                   |  1- 3 |  4- 6 |  7- 9 || total
-------------------------+-------+-------+-------++-------
Melee: Hand axe          |     7 |    28 |    43 ||    78
       War axe           |     3 |       |       ||     3
  Use: Potion            |       |     2 |     5 ||     7
Armor: Scale mail        |     7 |     7 |       ||    14
       Ring mail         |       |    20 |    28 ||    48
Dodge: Dodged            |     4 |    28 |    19 ||    51
Block: Buckler           |       |    23 |    45 ||    68

Table legend: (Time is in decaauts)
 A = Elapsed time spent in this place.
 B = Non-inter-level travel time spent in this place.
 C = Inter-level travel time spent in this place.
 D = Time resting spent in this place.
 E = Time spent auto-exploring this place.
 F = Levels seen in this place.
 G = Mean time per level.
                   A        B        C        D        E       F      G
               +--------+--------+--------+--------+--------+-----+--------+
         Total |    518 |    518 |      0 |    141 |    152 |   1 |  518.0 |
       Dungeon |    518 |    518 |      0 |    141 |    152 |   1 |  518.0 |
               +--------+--------+--------+--------+--------+-----+--------+

Top non-repeatable levels by time:
       D: 518 daAuts
